Map: Deathaura LE

Players

Darkness - Winner!

  • Race: Protoss Protoss
  • League: Master
  • Spawn Location: 11:00

JimRising

  • Race: Zerg Zerg
  • League: Master
  • Spawn Location: 5:00

Event: DreamHack SC2 Masters 2020 Winter

VOD

Have the link to the VOD?

Description

Time

  • Played on: Oct. 14, 2020, 7:18 p.m.
  • Length: 8:50

All games in this series

Show
View Real Time Build Order
Export as new Build Order

Darkness Protoss - Winner!

Build Orders: 1 Gate Expand, Oracle Opening, Phoenix Opening 

Get SALT Encoding   

  12  0:00  Probe  
  13  0:12  Probe  
  14  0:17  Pylon  
  14  0:24  Probe (Chrono Boost)  
  15  0:36  Probe (Chrono Boost)  
  15  0:40  Gateway  
  16  0:45  Probe (Chrono Boost)  
  16  0:46  Assimilator  
  17  0:51  Probe  
  18  1:03  Probe  
  19  1:15  Probe  
  20  1:23  Nexus  
  20  1:34  Cybernetics Core  
  20  1:36  Probe  
  21  1:44  Assimilator  
  21  1:48  Probe  
  21  1:53  Pylon  
  22  2:00  Probe  
  23  2:09  Adept (Chrono Boost)  
  23  2:13  Probe (Chrono Boost)  
  26  2:19  Stargate  
  26  2:25  Probe (Chrono Boost)  
  26  2:26  Warp Gate  
  27  2:32  Adept, Probe (Chrono Boost)  
  27  2:35  Probe (Chrono Boost)  
  32  2:44  Probe (Chrono Boost)  
  32  2:45  Probe (Chrono Boost)  
  32  2:51  Probe x2  
  35  3:02  Phoenix (Chrono Boost)  
  35  3:03  Probe x2  
  39  3:09  Pylon  
  39  3:15  Probe x2  
  39  3:17  Gateway  
  41  3:21  Oracle (Chrono Boost)  
  44  3:27  Probe x2  
  44  3:32  Pylon  
  46  3:39  Probe x2  
  48  3:47  Adept  
  50  3:50  Oracle (Chrono Boost)  
  50  3:51  Probe x2  
  55  4:03  Pylon, Probe  
  55  4:04  Probe  
  55  4:05  Nexus  
  57  4:11  Assimilator  
  57  4:13  Assimilator  
  57  4:15  Probe  
  57  4:16  Probe  
  59  4:18  Oracle (Chrono Boost)  
  62  4:27  Probe  
  62  4:28  Probe  
  62  4:30  Shield Battery  
  64  4:39  Probe  
  64  4:40  Probe  
  66  4:52  Probe x2  
  68  4:57  Twilight Council  
  68  4:58  Forge  
  68  5:00  Robotics Facility  
  68  5:01  Sentry  
  68  5:04  Pylon  
  70  5:09  Pylon  
  70  5:11  Pylon  
  70  5:13  Blink (Chrono Boost)  
  70  5:16  Protoss Ground Weapons Level 1 (Chrono Boost), Probe x2  
  70  5:17  Probe  
  70  5:28  Probe x2  
  70  5:29  Probe  
  70  5:31  Sentry  
  75  5:41  Probe x3, Sentry  
  80  5:45  Gateway x2  
  80  5:48  Gateway  
  80  5:49  Gateway  
  80  5:50  Gateway, Observer  
  80  5:53  Probe x2  
  80  5:54  Probe  
  80  5:55  Assimilator  
  84  5:57  Assimilator  
  84  5:59  Pylon  
  84  6:08  Stalker, Sentry  
  88  6:11  Warp Prism  
  90  6:19  Probe x3  
  93  6:27  Pylon  
  93  6:30  Gateway  
  93  6:38  Stalker x2  
  94  6:40  Stalker  
  94  6:41  Stalker  
  94  6:46  Stalker  
  94  6:47  Stalker x2  
  102  6:52  Robotics Bay  
  104  7:05  Observer  
  104  7:06  Stalker x4  
  104  7:07  Probe x2  
  114  7:10  Stalker  
  114  7:11  Stalker x2  
  114  7:13  Pylon x2  
  120  7:36  Stalker x5  
  120  7:37  Stalker  
  128  7:40  Probe  
  127  7:56  Stalker x2  
  117  8:02  Stalker x4  
  116  8:05  Stalker x2  
  114  8:19  Nexus, Pylon  
  108  8:26  Stalker x6  
  106  8:37  Stalker x2  
Show
View Real Time Build Order
Export as new Build Order

JimRising Zerg 

Build Orders: Hatch First 

Get SALT Encoding   

  12  0:00  Drone  
  13  0:12  Overlord  
  13  0:16  Drone  
  14  0:31  Drone x2  
  16  0:47  Hatchery  
  15  0:51  Drone  
  15  0:54  Drone  
  17  0:58  Drone  
  17  1:00  Extractor  
  17  1:14  Spawning Pool  
  17  1:17  Drone  
  17  1:21  Drone  
  18  1:28  Drone  
  19  1:39  Drone  
  20  1:51  Overlord  
  20  2:01  Queen  
  20  2:02  Queen  
  20  2:03  Drone x2  
  26  2:09  Metabolic Boost  
  26  2:12  Zergling x2  
  26  2:14  Zergling x2  
  28  2:21  Drone  
  28  2:22  Drone  
  30  2:32  Drone x2  
  32  2:42  Hatchery  
  31  2:46  Queen  
  33  2:54  Overlord  
  33  2:55  Drone  
  33  2:56  Drone  
  33  2:58  Drone  
  36  3:06  Overlord  
  36  3:13  Drone x5  
  36  3:14  Drone  
  36  3:18  Overlord  
  42  3:23  Queen  
  44  3:30  Queen  
  46  3:34  Drone, Spore Crawler  
  46  3:38  Spore Crawler  
  46  3:39  Drone  
  46  3:40  Drone  
  47  3:48  Drone x4  
  50  3:51  Zergling x4  
  53  3:56  Drone x2  
  53  4:00  Drone  
  56  4:07  Spore Crawler  
  55  4:10  Queen  
  55  4:12  Drone x4  
  55  4:14  Drone x2  
  62  4:20  Overlord x2  
  62  4:35  Lair  
  62  4:36  Overlord x2  
  62  4:39  Evolution Chamber  
  62  4:42  Drone x2  
  62  4:43  Drone  
  62  4:44  Drone x7  
  69  4:49  Drone x3  
  71  4:57  Drone  
  71  4:59  Drone x2  
  74  5:00  Extractor x2  
  74  5:01  Extractor  
  74  5:05  Extractor x2, Roach Warren  
  68  5:07  Drone x3  
  68  5:09  Zerg Melee Weapons Level 1  
  69  5:23  Drone x4  
  65  5:30  Drone x7  
  72  5:38  Drone, Spire  
  72  5:39  Drone x3  
  75  5:47  Drone  
  75  5:48  Drone x2  
  78  5:52  Overlord x2  
  78  5:54  Overlord  
  78  5:57  Hatchery  
  77  6:09  Overlord x2  
  77  6:14  Drone  
  77  6:15  Drone x2  
  77  6:16  Baneling Nest  
  79  6:20  Drone x2  
  79  6:21  Overlord x2  
  79  6:22  Overseer  
  79  6:49  Mutalisk x9  
  79  6:50  Mutalisk  
  79  6:51  Zergling x10  
  79  6:52  Zergling x2  
  105  6:56  Mutalisk  
  105  6:58  Zergling x4  
  109  7:01  Mutalisk  
  109  7:03  Zergling x2  
  112  7:09  Mutalisk  
  112  7:11  Drone x3  
  112  7:12  Mutalisk  
  119  7:20  Mutalisk  
  119  7:21  Zergling x6  
  119  7:22  Zergling x6  
  127  7:23  Mutalisk  
  127  7:24  Zergling x4  
  127  7:29  Zergling x2  
  132  7:33  Mutalisk  
  120  7:39  Roach x2  
  120  7:40  Roach x2, Zergling x2  
  120  7:43  Mutalisk  
  122  7:45  Zergling x6  
  122  7:48  Mutalisk  
  123  7:54  Mutalisk  
  123  7:57  Zergling x10  
  123  7:58  Zergling x4  
  120  7:59  Queen x2  
  114  8:06  Zergling x8  
  114  8:09  Mutalisk x2  
  113  8:13  Mutalisk  
  113  8:18  Mutalisk, Zergling x4  
  107  8:23  Zergling x2  
  107  8:25  Zergling x4  
Tags
 
Add a new tag
Caveats
  • Supply blocks, unpowered buildings, or Contaminate may cause inaccurate times.
  • Supply counts are checked every 10 seconds.